 Dungeon Crawl Stone Soup version 0.29-a0-553-g81b289dbe5 (webtiles) character file.

Game seed: 8262598491068219682

132 kae the Firebug (level 4, 0/33 HPs)
             Began as a Demigod Fire Elementalist on June 6, 2022.
             Killed from afar by Blork the orc (9 damage)
             ... with a puff of frost
             ... on level 4 of the Dungeon.
             The game lasted 00:02:02 (4028 turns).

kae the Firebug (Demigod Fire Elementalist)         Turns: 4028, Time: 00:02:02

Health: 0/33       AC:  3    Str:  9    XL:     4   Next: 62%
Magic:  14/19      EV: 12    Int: 21    God:
Gold:   67         SH:  0    Dex: 14    Spells: 4/7 levels left

rFire   + . .      SeeInvis .   c - +1 whip (venom)
rCold   . . .      Faith    .   (no shield)
rNeg    . . .      Spirit   .   a - +1 robe
rPois   .          Reflect  .   (no helmet)
rElec   .          Harm     .   (no cloak)
rCorr   .          Rampage  .   (no gloves)
Will    .....                   (no boots)
Stlth   ++........              (no amulet)
HPRegen 0.11/turn               d - ring of protection from fire
MPRegen 0.16/turn               k - ring of magical power

@: no status effects
A: high MP 1, forlorn, divine attributes
a: no special abilities


You were on level 4 of the Dungeon.
You visited 1 branch of the dungeon, and saw 4 of its levels.

You collected 133 gold pieces.
You spent 66 gold pieces at shops.

Inventory:

Hand Weapons
 c - a +1 whip of venom (weapon)
Armour
 a - a +1 robe (worn)
Jewellery
 d - a ring of protection from fire (left hand)
 k - a ring of magical power (right hand)
Scrolls
 e - a scroll of torment {unknown}
 f - a scroll of magic mapping
 g - a scroll of blinking {unknown}
 j - a scroll of teleportation {unknown}
 o - a scroll of enchant armour
 p - a scroll of fog {unknown}
Potions
 b - a potion of magic
 h - 2 potions of degeneration
 i - a potion of haste
 l - 2 potions of curing
 m - 2 potions of lignification {unknown}
 n - a potion of attraction {unknown}


   Skills:
 - Level 1.7 Dodging
 - Level 1.7 Stealth
 + Level 2.4 Spellcasting
 * Level 2.8 Conjurations
 * Level 3.8 Fire Magic


You had 4 spell levels left.
You knew the following spells:

 Your Spells              Type           Power      Damage    Failure   Level
a - Foxfire               Conj/Fire      64%        2x1d7     3%          1
b - Scorch                Fire           36%        2d7       4%          2

Your spell library contained the following spells:

 Spells                   Type           Power      Damage    Failure   Level
 Conjure Flame            Conj/Fire      16%        6-21      11%         3
 Inner Flame              Hex/Fire       10%        N/A       19%         3
 Ignite Poison            Fire/Tmut/Pois 7%         N/A       26%         3
 Mephitic Cloud           Conj/Pois/Air  6%         N/A       28%         3
 Flame Wave               Conj/Fire      16%        2d6       34%         4
 Freezing Cloud           Conj/Ice/Air   3%         6-21      95%         5


Dungeon Overview and Level Annotations

Branches:
Dungeon (4/15)
 Temple: D:4-7

Shops:
D:2 ?   D:3 =

Annotations:
D:2 Terence
D:4 Blork the orc


Innate Abilities, Weirdness & Mutations

You have an increased reservoir of magic. (+10% MP)
You shall have no god before yourself.
Your divine heritage dramatically boosts your attributes as you level up.


Message History

You are very lightly contaminated with residual magic.
Nothing appears to happen.
Blork the orc shouts!
Blork the orc casts a cantrip, but nothing happens.
Casting: Foxfire (safe; 3% risk of failure)
Confirm with . or Enter, or press ? or * to list all spells.
You conjure some foxfire!
The foxfire hits Blork the orc.
Blork the orc is lightly wounded.
Casting: Foxfire (safe; 3% risk of failure)
Confirm with . or Enter, or press ? or * to list all spells.
You conjure some foxfire!
The foxfire hits Blork the orc.
Blork the orc is lightly wounded.
The foxfire hits Blork the orc.
Blork the orc is moderately wounded.
The foxfire hits Blork the orc.
Blork the orc is moderately wounded.
Casting: Foxfire (safe; 3% risk of failure)
Confirm with . or Enter, or press ? or * to list all spells.
Flames lash Blork the orc.
Blork the orc is severely wounded.
Blork the orc's fire resistance burns away.
Blork the orc gestures wildly while chanting.
Blork the orc seems to speed up.
Your magical contamination has completely faded away.
Casting: Scorch (safe; 4% risk of failure)
Confirm with . or Enter, or press ? or * to list all spells.
You conjure some foxfire!
Blork the orc hits you from afar with a +2 halberd of flaming!
Blork the orc burns you.
The foxfire hits Blork the orc!
Blork the orc is burned terribly!
Blork the orc is almost dead.
The foxfire hits Blork the orc.
Blork the orc is burned terribly!
Blork the orc is almost dead.
Blork the orc hits you from afar with a +2 halberd of flaming!
Blork the orc burns you.
* * * LOW HITPOINT WARNING * * *
Blork the orc casts a spell at you. The puff of frost hits you!
You die...

#.......#.....#
##.......##)...#
+.........'<[..#
##.........##...#
#...........#...#
##.......###...#
#+#...#'#.#>..#
#####.§.##.##
#..§@..+.#
#.....$###
#...o...#
.'.......#
.!.#.......#
...#......## ..
#......+ ###...##


You could see Blork the orc (fast, combustible).

Vanquished Creatures
  An iguana (D:4)
  4 adders
  3 worms
  A dart slug (D:3)
  6 orcs
  3 bats
  6 endoplasms
  2 giant cockroaches (D:1)
  2 goblins (D:3)
  7 hobgoblins
  6 kobolds
  A quokka (D:3)
  4 ball pythons
  2 frilled lizards
  5 rats
53 creatures vanquished.

Vanquished Creatures (collateral kills)
  5 foxfires (D:1)
5 creatures vanquished.

Vanquished Creatures (others)
  177 foxfires
177 creatures vanquished.

Grand Total: 235 creatures vanquished

Notes
Turn   | Place    | Note
-------+----------+-------------------------------------------
     0 | D:1      | kae the Demigod Fire Elementalist began the quest for the
                  | Orb.
     0 | D:1      | Reached XP level 1. HP: 14/14 MP: 5/5
   127 | D:1      | Reached skill level 1 in Conjurations
   531 | D:1      | Reached XP level 2. HP: 20/20 MP: 2/7
   619 | D:1      | Reached skill level 3 in Fire Magic
  1304 | D:2      | Learned a level 2 spell: Scorch
  1396 | D:2      | Found Nismesef's Magic Scroll Shoppe.
  1402 | D:2      | Bought a scroll of magic mapping for 42 gold pieces
  1402 | D:2      | Bought a scroll of identify for 24 gold pieces
  1972 | D:2      | Noticed Terence
  2554 | D:2      | Reached XP level 3. HP: 26/26 MP: 3/8
  3163 | D:3      | Found Orhalut's Jewellery Boutique.
  3220 | D:3      | Reached XP level 4. HP: 33/33 MP: 10/10
  4019 | D:4      | Noticed Blork the orc
  4028 | D:4      | Killed from afar by Blork the orc

Illustrated notes

Levels and vault maps discovered:
D:1:      dpeg_arrival_shelter, layout_basic,
          ebering_ecumenical_altar_sacrificial, dreamdust_princess_bridge
D:2:      layout_basic, basic_altar, serial_shops, shop, uniq_jessica,
          uniq_terence
D:3:      layout_loops_cross, serial_shops, shop, minmay_misc_feat_square
D:4:      nicolae_cairo_tiling_very_big, layout_rooms, hangedman_feature_mirror,
          nrook_campfire, uniq_natasha, uniq_blork_the_orc

Skill      XL: |  1  2 |
---------------+-------+-----
Conjurations   | 1 2 |  2.8
Fire Magic     | 3 |  3.8
Spellcasting   | 2 |  2.4
Dodging        | |  1.7
Stealth        | |  1.7

Action                   |  1- 3 |  4- 6 || total
-------------------------+-------+-------++-------
Melee: Whip              |     5 |       ||     5
 Cast: Foxfire           |    96 |    16 ||   112
       Scorch            |     4 |    12 ||    16
  Use: Scroll            |     6 |       ||     6
Armor: Robe              |     2 |     2 ||     4
Dodge: Dodged            |     7 |     8 ||    15

Table legend: (Time is in decaauts)
 A = Elapsed time spent in this place.
 B = Non-inter-level travel time spent in this place.
 C = Inter-level travel time spent in this place.
 D = Time resting spent in this place.
 E = Time spent auto-exploring this place.
 F = Levels seen in this place.
 G = Mean time per level.
                   A        B        C        D        E       F      G
               +--------+--------+--------+--------+--------+-----+--------+
         Total |   4028 |   3860 |    168 |     28 |   3386 |   4 | 1007.0 |
       Dungeon |   4028 |   3860 |    168 |     28 |   3386 |   4 | 1007.0 |
               +--------+--------+--------+--------+--------+-----+--------+

Top non-repeatable levels by time:
     D:2: 1351 daAuts
     D:1: 1293 daAuts
     D:3: 1142 daAuts
     D:4: 240 daAuts
